 Dungeon Crawl Stone Soup version 0.30-b1-2-g02819fbbbe (webtiles) character file.

Game seed: 12160166101209454698

319 Alarkh the Shooter (level 6, -2/47 HPs)
             Began as a Demonspawn Hexslinger on July 9, 2023.
             Was a Believer of Uskayaw.
             Slain by a black bear (4 damage)
             ... on level 4 of the Dungeon.
             The game lasted 00:03:48 (3080 turns).

Alarkh the Shooter (Demonspawn Hexslinger)          Turns: 3080, Time: 00:03:49

Health: -2/47      AC:  4    Str: 10    XL:     6   Next: 21%
Magic:  7/7        EV: 12    Int: 16    God:    Uskayaw [**....]
Gold:   171        SH:  0    Dex: 14    Spells: 6/7 levels left

rFire   . . .        a - +1 sling (flame)
rCold   . . .        (no shield)
rNeg    + . .        i - +1 robe {rN+}
rPois   .            (no helmet)
rElec   .            w - +0 cloak
rCorr   .            (gloves unavailable)
SInv    .            (no boots)
Will    .....        l - amulet of reflection
Stlth   +            (no ring)
HPRegen 0.27/turn    (no ring)
MPRegen 0.10/turn

%: reflection
@: confused, ambrosia-drunk
A: claws 3, large bone plates 1, demonic guardian 1
a: Renounce Religion, Stomp, Line Pass


You were on level 4 of the Dungeon.
You worshipped Uskayaw.
Uskayaw was noncommittal.
You visited 1 branch of the dungeon, and saw 4 of its levels.

You collected 171 gold pieces.

Inventory:

Hand Weapons
 a - a +1 sling of flaming (weapon)
 p - a +2 dagger of draining
Missiles
 r - a throwing net
Armour
 c - a +0 robe
 i - a +1 robe of positive energy (worn)
 w - a +0 cloak (worn)
Magical Staves
 v - a staff of fire
Jewellery
 j - an amulet of faith
 l - an amulet of reflection (around neck)
 o - a ring of flight
Scrolls
 b - 2 scrolls of poison
 d - a scroll of fog {unknown}
 e - a scroll of immolation {unknown}
 g - a scroll of brand weapon
 h - a scroll of teleportation
 k - a scroll of enchant weapon
 s - a scroll of vulnerability
 u - a scroll of noise {unknown}
 x - a scroll of silence {unknown}
 y - a scroll of enchant armour {unknown}
 z - a scroll of blinking {unknown}
 B - a scroll of butterflies {unknown}
Potions
 f - a potion of might
 n - a potion of cancellation
 q - 3 potions of curing
 t - 2 potions of mutation
 A - a potion of invisibility {unknown}


   Skills:
 + Level 3.5 Fighting
 * Level 5.0 Ranged Weapons
 - Level 1.7 Dodging
 - Level 1.0 Spellcasting
 - Level 3.0 Hexes


You had 6 spell levels left.
You knew the following spells:

 Your Spells              Type           Power      Damage    Failure   Level
a - Slow                  Hex            40%        N/A       7%          1

Your spell library contained the following spells:

 Spells                   Type           Power      Damage    Failure   Level
 Shock                    Conj/Air       0%         1d3       22%         1
 Inner Flame              Hex/Fire       5%         N/A       36%         3
 Portal Projectile        Hex/Tloc       10%        N/A       36%         3
 Cause Fear               Hex            5%         N/A       54%         4
 Ozocubu's Armour         Ice            0%         N/A       56%         3
 Vhi's Electric Charge    Tloc/Air       0%         N/A       56%         3
 Metabolic Englaciation   Hex/Ice        2%         N/A       98%         5
 Arcjolt                  Conj/Air       0%         1d10      99%         5
 Plasma Beam              Fire/Air       0%         2x1d11    100%        6


Dungeon Overview and Level Annotations

Branches:
Dungeon (4/15)
 Temple: D:4-7

Altars:
Uskayaw

Shops:
D:3 =


Innate Abilities, Weirdness & Mutations

You have claws for hands.
You are partially covered in large bone plates. (SH +4)
A weak demonic guardian rushes to your aid.


Message History

Your white imp disappears in a puff of smoke!
You shoot a sling bullet.
The sling bullet hits the black bear but does no damage.
The black bear is heavily wounded.
The black bear closely misses you.
The black bear claws you but does no damage.
The black bear barely misses you.
You shoot a sling bullet. The sling bullet hits the black bear.
The sling bullet burns the black bear.
The black bear is severely wounded.
The black bear goes berserk!
You shoot a sling bullet.
The sling bullet barely misses the black bear.
The sling bullet hits the orc wizard.
The sling bullet burns the orc wizard.
The orc wizard is moderately wounded.
The black bear closely misses you. The black bear claws you.
The black bear claws you but does no damage.
You block the black bear's attack. The black bear barely misses you.
You block the black bear's attack.
You can now pass through a line of other dancers.
You shoot a sling bullet.
The sling bullet hits the black bear but does no damage.
The black bear is severely wounded.
The black bear barely misses you. You block the black bear's attack.
The black bear claws you.
You shoot a sling bullet. The sling bullet hits the black bear.
The sling bullet burns the black bear.
The black bear is almost dead.
The black bear bites you!
* * * LOW HITPOINT WARNING * * *
The black bear barely misses you. The black bear claws you.
* * * LOW HITPOINT WARNING * * *
You block the black bear's attack. The black bear claws you.
* * * LOW HITPOINT WARNING * * *
The black bear misses you.
You are confused.
You feel invigorated. The black bear bites you!
* * * LOW HITPOINT WARNING * * *
The black bear closely misses you. The black bear claws you.
You die...

.......##.#.#..... #.#......
#####.........# #.# #.#......
####......#.# #.# #.#......
###.......#.# ##.####h.....
......###.#.# ........#o. ......#
#.#.# #.....(.# ......# #.#.#
#.......# ......#
#.#.########.#####.#####. .....[#
#.#.#...@hoh.............
......###...#.######.#.#.#...###.
###.#......).).#####.#.#.#.....#
#.#.#######).......#.#>#.#.#.#
#.#.......#..........#.#.#.#.#
.................#####.#.#.# #
.................# #.#.#.#
#.########.#####..# #.#.# #.
#....<..##..# #.#


You could see 2 black bears and an orc wizard.

Vanquished Creatures
  An ice beast (D:4)
  A kobold brigand (D:4)
  A jelly (D:4)
  A hound (D:4)
  An adder (D:3)
  A worm (D:3)
  4 dart slugs (D:1)
  6 orcs
  4 bats
  5 endoplasms
  5 giant cockroaches
  6 goblins
  4 hobgoblins
  4 kobolds
  3 quokkas
  6 ball pythons
  2 frilled lizards
  7 rats
62 creatures vanquished.

Vanquished Creatures (collateral kills)
  A sleepcap (D:4)
  A worm (D:2)
2 creatures vanquished.

Grand Total: 64 creatures vanquished

Notes
Turn   | Place    | Note
-------+----------+-------------------------------------------
     0 | D:1      | Alarkh the Demonspawn Hexslinger began the quest for the
                  | Orb.
     0 | D:1      | Reached XP level 1. HP: 15/15 MP: 2/2
    32 | D:1      | Reached skill level 2 in Ranged Weapons
    71 | D:1      | Gained mutation: You have sharp fingernails. [demonic
                  | ancestry]
    71 | D:1      | Reached XP level 2. HP: 21/21 MP: 3/3
   418 | D:1      | Gained mutation: A weak demonic guardian rushes to your
                  | aid. [demonic ancestry]
   418 | D:1      | Reached XP level 3. HP: 27/27 MP: 4/4
   475 | D:1      | Reached skill level 3 in Ranged Weapons
  1969 | D:3      | Gained mutation: You are partially covered in large bone
                  | plates. (SH +4) [demonic ancestry]
  1969 | D:3      | Reached XP level 4. HP: 32/33 MP: 5/5
  2041 | D:3      | Found a hide-covered altar of Uskayaw.
  2041 | D:3      | Noticed a +0 hand axe
  2041 | D:3      | Noticed a +0 hand axe
  2047 | D:3      | Became a worshipper of Uskayaw the Reveller
  2115 | D:3      | Found Faacucly's Jewellery Boutique.
  2129 | D:3      | Got Sif Muna's Thoughts on Aeromancy and Algor
  2134 | D:3      | Reached * piety under Uskayaw
  2498 | D:4      | Reached ** piety under Uskayaw
  2531 | D:4      | Reached skill level 4 in Ranged Weapons
  2621 | D:4      | Noticed an ice beast
  2645 | D:4      | Killed an ice beast
  2646 | D:4      | Gained mutation: You have very sharp fingernails. [demonic
                  | ancestry]
  2646 | D:4      | Reached XP level 5. HP: 14/41 MP: 6/6
  2813 | D:4      | Gained mutation: You have claws for hands. [demonic
                  | ancestry]
  2813 | D:4      | Reached XP level 6. HP: 18/47 MP: 7/7
  2842 | D:4      | Reached skill level 5 in Ranged Weapons
  3080 | D:4      | HP: 2/47 [black bear (8)]
  3080 | D:4      | Slain by a black bear

Illustrated notes

Levels and vault maps discovered:
D:1:      tarquinn_simple_flora_water_c, layout_basic, minivault_23,
          minmay_three_crescents
D:2:      layout_loops_corners
D:3:      layout_basic, dancing_weapons_uskayaw, serial_shops,
          nicolae_square_shop
D:4:      layout_basic, uniq_duvessa

Skill      XL: |  1  2  3  4  5  6 |
---------------+-------------------+-----
Ranged Weapons | 2 3 4 5 |  5.0
Fighting       | 2 3 |  3.5
Dodging        | |  1.7
Spellcasting   | |  1.0
Hexes          | |  3.0

Action                     |  1- 3 |  4- 6 || total
---------------------------+-------+-------++-------
  Melee: Sling             |       |     2 ||     2
   Fire: Sling             |   122 |    92 ||   214
   Cast: Slow              |       |     1 ||     1
    Use: Scroll            |     6 |     3 ||     9
         Potion            |       |     3 ||     3
 Armour: Robe              |    10 |     8 ||    18
  Dodge: Dodged            |    25 |    29 ||    54
  Block: Other             |     4 |    17 ||    21
         Reflection        |       |     1 ||     1
